 Dungeon Crawl Stone Soup version 0.25-a0-1136-gc1285e62ab (webtiles) character file.

Game seed: 3612577099684566900, levelgen mode: deterministic

26072 RaHiT the Tainter (level 13, 0/117 HPs)
             Began as a Naga Venom Mage on May 23, 2020.
             Was the Champion of Cheibriados.
             Killed from afar by a bog body (10 damage)
             ... with a bolt of cold
             ... on level 4 of the Lair of Beasts.
             The game lasted 02:38:55 (13946 turns).

RaHiT the Tainter (Naga Venom Mage)                Turns: 13946, Time: 02:39:01

Health: 0/117      AC:  8    Str: 31 (32) XL:     13   Next: 23%
Magic:  22/25      EV: 13    Int: 33 (36) God:    Cheibriados [******]
Gold:   744        SH:  0    Dex: 23 (26) Spells: 11/29 levels left

rFire    + . .     SeeInvis +   V - +8 lance "Wyrmbane" {slay drac, rPois rF+ rC+ AC+3}
rCold    + . .     Gourm    .   (no shield)
rNeg     . . .     Faith    .   K - +0 swamp dragon scales
rPois    +         Spirit   .   x - +1 helmet
rElec    .         Reflect  .   M - +0 cloak
rCorr    .         Harm     .   (no gloves)
MR       +....                  (no barding)
Stlth    ++........             C - amulet of magic regeneration
HPRegen  0.29/turn              f - +6 ring of strength
MPRegen  0.44/turn              A - ring of wizardry

@: marked, corroded, very slightly contaminated, very slow
A: large, see invisible, deformed body, poison resistance, slowness 2, slow
metabolism 1, spit poison 1, constrict 1, AC +4
a: Spit Poison, Bend Time, Temporal Distortion, Slouch, Step From Time, Renounce
Religion


You were on level 4 of the Lair of Beasts.
You worshipped Cheibriados.
Cheibriados was exalted by your worship.
You were very hungry.

You visited 3 branches of the dungeon, and saw 16 of its levels.
You also visited: Ossuary.

You collected 744 gold pieces.

Inventory:

Hand Weapons
 o - a +1 falchion of electrocution
 q - a +0 falchion of freezing
 P - a +5 triple crossbow
 R - the +8 falchion of the Hero {vorpal, rPois Str+2 Stlth+}
   (You found it on level 9 of the Dungeon)

   It inflicts extra damage upon your enemies.
   It affects your strength (+2).
   It protects you from poison.
   It makes you more stealthy.
 V - the +8 lance "Wyrmbane" (weapon) {slay drac, rPois rF+ rC+ AC+3}
   (You found it on level 10 of the Dungeon)

   It affects your AC (+3).
   It protects you from fire.
   It protects you from cold.
   It protects you from poison.
Missiles
 h - 218 arrows
 j - 35 poisoned darts (quivered)
 k - 51 bolts
Armour
 x - a +1 helmet (worn)
 y - a +0 buckler
 B - a +2 leather armour of cold resistance
 K - +0 swamp dragon scales (worn)
 M - a +0 cloak (worn)
Jewellery
 f - a +6 ring of strength (left hand)
 t - an uncursed ring of flight
 u - an uncursed ring of protection from magic
 A - a ring of wizardry (right hand)
 C - an amulet of magic regeneration (around neck)
 T - an uncursed ring of protection from fire
Wands
 a - a wand of disintegration (21)
 p - a wand of clouds (8)
 w - a wand of iceblast (48)
 F - a wand of acid (9)
 S - a wand of flame (18)
Scrolls
 b - 3 scrolls of amnesia
 e - a scroll of magic mapping
 g - a scroll of vulnerability {unknown}
 r - 4 scrolls of remove curse
 s - a scroll of enchant armour
 G - a scroll of immolation
 I - 4 scrolls of teleportation
 N - a scroll of blinking
 O - a scroll of holy word
 U - 2 scrolls of silence
 Z - a scroll of fog {unknown}
Potions
 d - 3 potions of heal wounds
 i - 8 potions of flight
 m - 3 potions of resistance
 n - 2 potions of cancellation
 z - 5 potions of brilliance
 E - a potion of mutation {unknown}
 H - 2 potions of stabbing {unknown}
 J - 6 potions of curing
 L - a potion of ambrosia
 Q - a potion of might
 X - 2 potions of invisibility {unknown}
Miscellaneous
 D - a lightning rod (4/4)
Comestibles
 c - 36 rations


   Skills:
 + Level 8.2 Fighting
 + Level 6.2 Polearms
 - Level 6.0 Armour
 - Level 5.0 Dodging
 - Level 3.0 Stealth
 * Level 3.4 Shields
 + Level 8.5 Spellcasting
 + Level 7.4 Conjurations
 - Level 1.2 Translocations
 - Level 5.0 Transmutations
 - Level 12.0 Poison Magic
 - Level 6.0 Invocations
 - Level 3.0 Evocations


You had 11 spell levels left.
You knew the following spells:

 Your Spells              Type           Power        Failure   Level  Hunger
a - Sting                 Tmut/Pois      ####         1%          1    None
b - Poisonous Vapours     Pois/Air       ######       1%          2    None
c - Olgreb's Toxic Radia  Pois           #######.     1%          4    None
d - Mephitic Cloud        Conj/Pois/Air  ######..     1%          3    None
e - Ignite Poison         Fire/Tmut/Pois ######..     1%          3    None
f - Apportation           Tloc           ###...       1%          1    None
g - Petrify               Tmut/Erth      ####....     6%          4    None

Your spell library contained the following spells:

 Spells                   Type           Power        Failure   Level  Hunger
 Animate Skeleton         Necr           N/A          1%          1    None
 Corona                   Hex            ##.....      1%          1    None
 Pain                     Necr           ##..         1%          1    None
 Shock                    Conj/Air       ####         1%          1    None
 Summon Small Mammal      Summ           ##..         1%          1    None
 Static Discharge         Conj/Air       #####...     1%          3    None
 Swiftness                Chrm/Air       ##......     2%          2    None
 Gell's Gravitas          Tloc           ###.......   3%          3    None
 Confusing Touch          Hex            ##......     6%          3    None
 Vampiric Draining        Necr           ##........   6%          3    None
 Lightning Bolt           Conj/Air       #####.....   11%         5    ###....
 Airstrike                Air            ##........   17%         4    None
 Animate Dead             Necr           N/A          17%         4    None
 Yara's Violent Unravell  Hex/Tmut       ####......   17%         5    ###....
 Agony                    Necr           ##......     43%         5    ###....
 Metabolic Englaciation   Hex/Ice        ##........   43%         5    ###....


Dungeon Overview and Level Annotations

Branches:
Dungeon (11/15)            Temple (1/1) D:6            Lair (4/6) D:11
 Spider (0/4) Lair:3          Orc (0/2) D:10        Ossuary (visited)
  Swamp: Lair:2-4    Shoals: Lair:2-4

Altars:
Ashenzari
Cheibriados
Dithmenos
Elyvilon
Fedhas
Gozag
Hepliaklqana
Kikubaaqudgha
Makhleb
Nemelex Xobeh
Okawaru
Qazlal
Ru
Sif Muna
Trog
Vehumet
Wu Jian
Xom
Yredelemnul
Zin
The Shining One

Shops:
D:4 }   D:6 !

Annotations:
D:3 Natasha
D:4 1 runed translucent door, cica's ghost, amateur GrFi
Lair:2 3 runed translucent doors, Nopte's ghost, journeyman SpIE


Innate Abilities, Weirdness & Mutations

You cannot wear boots.
Your serpentine skin is tough. (AC +4)
You have supernaturally acute eyesight. (SInv)
Armour fits poorly on your strangely shaped body.
Your system is resistant to poisons. (rPois)
You cover ground very slowly.
You have a slow metabolism.
You can spit poison.
You can use your snake-like lower body to constrict enemies.


Message History

Cheibriados thoroughly appreciates the change of pace.
The worker ant bites the plant.
The black mamba bites you!
* * * LOW HITPOINT WARNING * * *
Something stings the plant but does no damage.
A bog body comes into view.
Unknown command.
Your surroundings suddenly seem different.
Your toxic aura wanes.
Cheibriados thoroughly appreciates the change of pace.
You feel a bit more experienced.
A blink frog comes into view. x2
The bog body points at you and mumbles some strange words.
The bolt of cold hits the bog body!
The bog body resists.
The bolt of cold hits you! You resist.
* * * LOW HITPOINT WARNING * * *
A blink frog comes into view.
The blink frog closely misses you. The bog body casts a spell at you.
The bolt of cold hits you! You resist.
You die...

.........#
#......
........##
#....hh.
.♣♣♣♣..S#
..#...##h
♣♣..#
.......##.
♣..#
.......##.
♣.n#
...... #.
♣.n###
#.... ..
♣...##..#
.#.
♣.@....#
#..
♣.F.......
##
♣........#
♣.F.......
♣.........
♣.........
♣F........
..........


You could see 2 bog bodies, a black mamba and 3 blink frogs.

Vanquished Creatures
  An entropy weaver (Lair:4)
  Snorg (Lair:3)
  A hydra (Lair:1)
  A two-headed ogre (D:11)
  A queen ant (Lair:4)
  Pikel (D:9)
  A black mamba (Lair:4)
  Joseph (D:7)
  3 elephants (Lair:3)
  7 spiny frogs
  3 komodo dragons
  Maggie (D:7)
  A kobold demonologist (D:9)
  3 trolls (D:11)
  2 polar bears
  11 hippogriffs
  Sigmund (D:3)
  A vampire (D:11)
  13 yaks
  A human (D:7)
  3 hogs (D:7)
  15 soldier ants
  6 water moccasins
  4 porcupines
  Duvessa (D:7)
  4 slaves (D:9)
  2 black bears
  A phantom (D:7)
  4 orc warriors
  An eye of draining (D:10)
  3 ice beasts
  A necrophage (D:10)
  3 ogres
  4 wolves
  A sky beast (D:7)
  3 centaurs
  8 crocodiles
  11 big kobolds (D:9)
  An elf zombie (Ossuary)
  16 bullfrogs
  Dowan (D:7)
  A scorpion (D:11)
  4 wights (D:7)
  5 electric eels
  7 howler monkeys
  2 bullfrog zombies
  5 crimson imps
  5 centaur zombies
  2 human zombies (Ossuary)
  A quasit (D:9)
  3 jellies
  5 hounds
  Crazy Yiuf (D:7)
  A bullfrog skeleton (D:11)
  8 orc priests
  12 orc wizards
  6 iguanas
  Ijyb (D:4)
  4 centaur skeletons
  21 worker ants
  A big kobold zombie (Ossuary)
  2 hound skeletons
  3 mummies
  Robin (D:4)
  2 worker ant zombies (D:9)
  A howler monkey skeleton (D:4)
  11 adders
  7 shadow imps
  2 adder skeletons (D:4)
  2 adder zombies
  6 worms
  3 dart slugs
  5 leopard geckos
  23 orcs
  6 bats
  3 giant cockroaches
  20 goblins
  9 hobgoblins
  6 quokkas
  8 frilled lizards
  8 hobgoblin zombies
  A jackal zombie (Ossuary)
  34 kobolds
  14 kobold skeletons (D:9)
  16 kobold zombies
  A leopard gecko skeleton (D:4)
  9 orc zombies (Ossuary)
  6 rats
  3 rat zombies (Ossuary)
455 creatures vanquished.

Vanquished Creatures (others)
  5 bushes (D:7)
  2 fungi (Lair:4)
  4 plants (Lair:1)
11 creatures vanquished.

Grand Total: 466 creatures vanquished

Notes
Turn   | Place    | Note
-------+----------+-------------------------------------------
     0 | D:1      | RaHiT the Naga Venom Mage began the quest for the Orb.
     0 | D:1      | Reached XP level 1. HP: 15/15 MP: 3/3
   173 | D:1      | Reached XP level 2. HP: 24/24 MP: 5/5
   229 | D:1      | Learned a level 2 spell: Poisonous Vapours
   677 | D:1      | Reached skill level 1 in Fighting
   875 | D:2      | Reached XP level 3. HP: 29/31 MP: 2/6
  1545 | D:3      | Reached XP level 4. HP: 25/38 MP: 3/7
  1558 | D:3      | Learned a level 4 spell: Olgreb's Toxic Radiance
  1758 | D:3      | Noticed Sigmund
  1775 | D:3      | Killed Sigmund
  1775 | D:3      | Reached skill level 5 in Poison Magic
  1775 | D:3      | Reached XP level 5. HP: 46/46 MP: 2/9
  1775 | D:3      | Reached XP level 6. HP: 55/55 MP: 2/10
  1878 | D:3      | Found a hazy altar of Hepliaklqana.
  2081 | D:3      | Noticed Natasha
  2275 | D:4      | Found a runed translucent door.
  2277 | D:4      | Noticed cica's ghost (amateur GrFi)
  2293 | D:4      | Noticed Robin
  2308 | D:4      | Killed Robin
  2432 | D:4      | Noticed Ijyb
  2442 | D:4      | Killed Ijyb
  2513 | D:4      | Reached skill level 1 in Evocations
  2589 | D:4      | Reached skill level 6 in Poison Magic
  2610 | D:4      | Reached XP level 7. HP: 57/62 MP: 5/12
  2892 | D:4      | Found Tourr's Gadget Shoppe.
  3032 | D:4      | You fall into a shaft and drop 3 floors!
  3066 | D:7      | Noticed a two-headed ogre
  3096 | D:6      | Found a sand-covered staircase.
  3111 | Ossuary  | Entered an ossuary
  3370 | Ossuary  | Learned a level 3 spell: Mephitic Cloud
  3374 | Ossuary  | Learned a level 3 spell: Ignite Poison
  3906 | D:6      | Found a staircase to the Ecumenical Temple.
  3915 | Temple   | Entered the Ecumenical Temple
  3940 | Temple   | Became a worshipper of Cheibriados the Contemplative
  3960 | D:6      | Reached XP level 8. HP: 60/72 MP: 10/14
  4001 | D:6      | Reached skill level 7 in Poison Magic
  4043 | D:5      | Entered Level 5 of the Dungeon
  4806 | D:5      | Reached * piety under Cheibriados
  5505 | D:6      | Reached skill level 5 in Spellcasting
  5539 | D:6      | Reached skill level 1 in Invocations
  5700 | D:6      | Found Ashrajoi's Distillery.
  5713 | D:6      | Reached ** piety under Cheibriados
  5713 | D:6      | Reached skill level 5 in Fighting
  5713 | D:6      | Reached skill level 8 in Poison Magic
  5848 | D:6      | Found a shattered altar of Ashenzari.
  5868 | D:6      | Reached XP level 9. HP: 67/81 MP: 13/16
  5870 | D:6      | Found a white marble altar of Elyvilon.
  5872 | D:6      | Found a sparkling altar of Nemelex Xobeh.
  5872 | D:6      | Found a basalt altar of Yredelemnul.
  5874 | D:6      | Found a shadowy altar of Dithmenos.
  5875 | D:6      | Found a blossoming altar of Fedhas.
  6375 | D:7      | Noticed Maggie
  6427 | D:7      | Noticed Joseph
  6435 | D:7      | Killed Joseph
  6435 | D:7      | Reached skill level 5 in Dodging
  6438 | D:7      | Noticed Duvessa
  6501 | D:7      | Reached skill level 9 in Poison Magic
  6651 | D:7      | Killed Maggie
  6651 | D:7      | Reached skill level 1 in Armour
  7016 | D:7      | Noticed Dowan
  7119 | D:7      | Found a runed translucent door.
  7132 | D:7      | Noticed Crazy Yiuf
  7137 | D:7      | Killed Duvessa
  7137 | D:7      | Reached skill level 10 in Poison Magic
  7137 | D:7      | Reached skill level 5 in Invocations
  7141 | D:7      | Reached *** piety under Cheibriados
  7145 | D:7      | Reached XP level 10. HP: 60/88 MP: 5/19
  7152 | D:7      | Killed Dowan
  7373 | D:7      | Killed Crazy Yiuf
  8258 | D:8      | Reached skill level 1 in Conjurations
  8516 | D:8      | Reached **** piety under Cheibriados
  8866 | D:8      | Reached skill level 11 in Poison Magic
  9006 | D:8      | Found a shimmering blue altar of Sif Muna.
  9210 | D:9      | Reached ***** piety under Cheibriados
  9248 | D:9      | Noticed a kobold demonologist
  9258 | D:9      | Killed a kobold demonologist
  9258 | D:9      | Reached skill level 5 in Armour
  9381 | D:9      | Got a smoking falchion
  9382 | D:9      | Identified the +8 falchion of the Hero {vorpal, rPois Str+2
                  | Stlth+} (You found it on level 9 of the Dungeon)
  9451 | D:9      | Found an ancient bone altar of Kikubaaqudgha.
  9595 | D:9      | Reached XP level 11. HP: 94/94 MP: 15/20
  9740 | D:9      | Learned a level 1 spell: Apportation
  9745 | D:9      | Learned a level 4 spell: Petrify
 10024 | D:9      | Noticed Pikel
 10030 | D:9      | Killed Pikel
 10030 | D:9      | Reached ****** piety under Cheibriados
 10269 | D:10     | Entered Level 10 of the Dungeon
 10322 | D:10     | Found the +8 lance "Wyrmbane" {slay drac, rPois rF+ rC+
                  | AC+3}
 10385 | D:10     | Found a staircase to the Orcish Mines.
 10519 | D:10     | Reached skill level 12 in Poison Magic
 10554 | D:10     | Reached skill level 1 in Polearms
 10944 | D:11     | Noticed a two-headed ogre
 10950 | D:11     | Killed a two-headed ogre
 11041 | D:11     | Reached skill level 5 in Conjurations
 11538 | D:11     | Reached skill level 1 in Translocations
 11558 | D:11     | Found a staircase to the Lair.
 11810 | Lair:1   | Entered Level 1 of the Lair of Beasts
 11845 | Lair:1   | Reached XP level 12. HP: 102/105 MP: 19/22
 11891 | Lair:1   | Noticed a five-headed hydra
 11898 | Lair:1   | Killed a five-headed hydra
 13036 | Lair:2   | Found a runed translucent gate.
 13036 | Lair:2   | Found a runed translucent gate.
 13051 | Lair:2   | Reached skill level 5 in Polearms
 13190 | Lair:2   | Noticed Nopte's ghost (journeyman SpIE)
 13191 | Lair:2   | Noticed an ice dragon
 13236 | Lair:2   | Found a runed translucent gate.
 13270 | Lair:3   | Reached skill level 5 in Transmutations
 13368 | Lair:3   | Reached skill level 1 in Shields
 13474 | Lair:3   | Noticed Snorg
 13486 | Lair:3   | Killed Snorg
 13730 | Lair:3   | Found a hole to the Spider Nest.
 13920 | Lair:4   | Noticed a queen ant
 13922 | Lair:4   | Noticed an entropy weaver
 13923 | Lair:4   | Gained mutation: You can use your snake-like lower body to
                  | constrict enemies. [Naga growth]
 13923 | Lair:4   | Reached XP level 13. HP: 103/116 MP: 11/25
 13926 | Lair:4   | Noticed an entropy weaver
 13937 | Lair:4   | Killed an entropy weaver
 13946 | Lair:4   | Killed from afar by a bog body

Illustrated notes

Levels and vault maps discovered:
D:1:      lightli_arrival_maybe_door_vault, layout_basic
D:2:      layout_loops_ring
D:3:      layout_basic, marbit_many_paths, first_ration, minmay_pentangle,
          uniq_sigmund, uniq_natasha
D:4:      layout_basic, serial_shops,
          nicolae_shop_temple_entry_statues_fountains, ebering_ghost_sewer_d,
          uniq_robin, uniq_ijyb
D:5:      layout_basic, minivault_27, nrook_uturn
D:6:      layout_layer_cave, minitemple, temple_fountains,
          nicolae_ossuary_entry_giza, serial_shops, nicolae_shop_crystal
D:7:      minmay_klotski, layout_cave_pools, grunt_livestock, uniq_joseph,
          uniq_maggie, uniq_duvessa, uniq_crazy_yiuf_cottage
D:8:      lemuel_upstairs_altar, layout_basic, tgw_sif
D:9:      wander_kiku_kobolds, layout_irregular_city, uniq_pikel
D:10:     layout_roguey, orc_0_dummy
D:11:     layout_grid_maze, erik_lair_island
Temple:   nicolae_temple_great_sept
Lair:1:   layout_chaotic_city, chequers_serial_rivers_large_b,
          minmay_shattered_shrine
Lair:2:   layout_cave_pods, gammafunk_ghost_icy, lemuel_fruit_fields
Lair:3:   layout_gridlike, dummy_spider_entry, beast_lair_carwin_4, uniq_snorg
Lair:4:   layout_cave_pods, nicolae_swamp_entry_splash_gauntlet, minivault_26,
          zaba_antful_of_joy

Skill      XL: |  1  2  3  4  5  6  7  8  9 10 11 12 13 |
---------------+----------------------------------------+-----
Fighting       | 1 2 3 5 6 7 8 |  8.2
Dodging        | 2 3 4 5 |  5.0
Spellcasting   | 3 4 5 6 7 8 |  8.5
Poison Magic   | 5 6 8 10 11 12 | 12.0
Evocations     | 1 2 3 |  3.0
Invocations    | 1 5 6 |  6.0
Armour         | 2 5 6 |  6.0
Conjurations   | 3 5 7 |  7.4
Polearms       | 3 5 6 |  6.2
Translocations | 1 |  1.2
Transmutations | 5 |  5.0
Shields        | 2 3 |  3.4
Stealth        | |  3.0

Action                   |  1- 3 |  4- 6 |  7- 9 | 10-12 | 13-15 || total
-------------------------+-------+-------+-------+-------+-------++-------
Melee: Unarmed           |    22 |       |       |       |       ||    22
       Falchion          |    12 |     3 |    79 |    58 |       ||   152
       Hand axe          |       |    53 |   153 |    10 |       ||   216
       Broad axe         |       |       |     6 |    64 |       ||    70
       Dagger            |       |       |       |    24 |       ||    24
       Lance             |       |       |       |   267 |     4 ||   271
       Constrict         |       |       |       |       |     1 ||     1
Throw: Dart              |    19 |     8 |    36 |    41 |       ||   104
 Cast: Sting             |    35 |    29 |    32 |    30 |       ||   126
       Olgreb's Toxic Ra |       |     6 |    24 |    84 |     3 ||   117
       Poisonous Vapours |       |       |    12 |    99 |       ||   111
       Mephitic Cloud    |       |       |    17 |    17 |       ||    34
       Ignite Poison     |       |       |    11 |    10 |       ||    21
       Petrify           |       |       |       |    25 |     2 ||    27
 Abil: Spit Poison       |    16 |    12 |    13 |     9 |       ||    50
Evoke: Wand              |       |       |     3 |     2 |     1 ||     6
       Lightning rod     |       |       |       |     2 |       ||     2
  Use: Potion            |       |     3 |     6 |       |     5 ||    14
       Scroll            |       |     4 |     9 |    13 |     3 ||    29
 Stab: Sleeping          |       |     2 |     3 |     3 |       ||     8
       Confused          |       |       |     2 |     2 |       ||     4
       Petrified         |       |       |       |    65 |       ||    65
       Petrifying        |       |       |       |     7 |       ||     7
       Distracted        |       |       |       |     1 |       ||     1
  Eat: Chunk             |     3 |     4 |     4 |    16 |       ||    27
       Ration            |       |       |     4 |     1 |       ||     5
Armor: Robe              |     9 |     5 |       |       |       ||    14
       Skin              |       |     6 |    34 |       |       ||    40
       Animal skin       |       |     4 |    82 |    48 |       ||   134
       Swamp dragon scal |       |       |       |   127 |    20 ||   147
Dodge: Dodged            |    36 |    41 |   140 |   300 |    21 ||   538
       Rpst.: Falchion   |     2 |     2 |     9 |    18 |       ||    31

Table legend:
 A = Non-vault XP
 B = Vault XP
 C = Vault XP percentage of total XP
 D = Non-vault monster count
 E = Vault monster count
 F = Vault count percentage of total count
                 A         B        C        D         E       F
            +---------+---------+-------+---------+---------+-------
      Total |   23340 |   13907 |  37.3 |     275 |     176 |  39.0
            +---------+---------+-------+---------+---------+-------
        D:1 |      28 |       0 |   0.0 |      15 |       0 |   0.0
        D:2 |      45 |       0 |   0.0 |      19 |       0 |   0.0
        D:3 |      67 |     240 |  78.2 |      20 |       7 |  25.9
        D:4 |     374 |      72 |  16.1 |      16 |      13 |  44.8
        D:5 |     230 |       0 |   0.0 |      11 |       0 |   0.0
        D:6 |    1016 |      20 |   1.9 |      23 |       3 |  11.5
        D:7 |    1285 |    2053 |  61.5 |      23 |      10 |  30.3
        D:8 |    1335 |      40 |   2.9 |      29 |       1 |   3.3
        D:9 |    1449 |    2037 |  58.4 |      27 |      53 |  66.2
       D:10 |    3196 |       0 |   0.0 |      28 |       0 |   0.0
       D:11 |    3628 |     825 |  18.5 |      24 |       8 |  25.0
     Lair:1 |    3759 |    1579 |  29.6 |      14 |       8 |  36.4
     Lair:2 |    2983 |       0 |   0.0 |      11 |       0 |   0.0
     Lair:3 |    2613 |    1777 |  40.5 |       9 |       5 |  35.7
     Lair:4 |    1332 |    4941 |  78.8 |       6 |      29 |  82.9
    Ossuary |       0 |     323 | 100.0 |       0 |      39 | 100.0
            +---------+---------+-------+---------+---------+-------
